 Dungeon Crawl Stone Soup version 0.20-a0-1036-g4d371cd (webtiles) character file.

777 Kalash the Transmogrifier (level 7, 9/28 HPs)
             Began as a Felid Transmuter on Apr 22, 2017.
             Was a Believer of Sif Muna.
             Quit the game on level 7 of the Dungeon.
             The game lasted 00:29:55 (12756 turns).

Kalash the Transmogrifier (Felid Transmuter)       Turns: 12756, Time: 00:29:56

Health: 9/28       AC:  2    Str:  6    XL:     7   Next: 54%
Magic:  12/12      EV: 22    Int: 15    God:    Sif Muna [**....]
Gold:   333        SH:  0    Dex: 16    Spells: 0/12 levels left
                                        Lives:  0   Deaths: 2

rFire    . . .     SeeInvis +     - Unarmed
rCold    . . .     Gourm    .   (shield unavailable)
rNeg     . . .     Faith    .   (armour unavailable)
rPois    .         Spirit   .   (helmet unavailable)
rElec    .         Reflect  .   (cloak unavailable)
rCorr    +         Harm     .   (gloves unavailable)
MR       ++...                  (boots unavailable)
Stlth    ++++......             (no amulet)
Regen    0.1/turn               v - ring of protection from magic
MPRegen  0.2/turn               y - ring of resist corrosion

@: quick
A: no armour, no weapons or thrown items, stealth, claws 1, fangs 3, see
invisible, carnivore 3, dopey 1, speed 1, shaggy fur 2, slow metabolism 1, sharp
paws
a: Divine Energy, Renounce Religion


You were on level 7 of the Dungeon.
You worshipped Sif Muna.
Sif Muna was pleased with you.
You were not hungry.

You visited 2 branches of the dungeon, and saw 8 of its levels.

You collected 333 gold pieces.

Inventory:

Missiles
 a - 43 arrows
Jewellery
 v - a ring of protection from magic (left paw)
 y - a ring of resist corrosion (right paw)
Wands
 h - a wand of flame (27/48)
 t - a wand of flame (23/48)
Scrolls
 e - a scroll of remove curse
 f - 2 scrolls of magic mapping
 g - 4 scrolls of amnesia
 i - a scroll of recharging {unknown}
 m - a scroll of blinking
 o - a scroll of teleportation
 p - 2 scrolls of fear {unknown}
 r - a scroll of random uselessness {unknown}
 w - 2 scrolls of identify
 x - a scroll of silence {unknown}
Potions
 d - 2 potions of might
 j - 3 potions of mutation {unknown}
 k - a potion of degeneration {unknown}
 l - a potion of invisibility {unknown}
 q - a potion of brilliance
 s - a potion of lignification {unknown}
 u - a potion of heal wounds
 z - a potion of flight {unknown}
 A - a potion of magic {unknown}
Books
 b - a book of Changes

   Spells                             Type                      Level
   a - Beastly Appendage              Transmutation                1
   b - Sticks to Snakes               Transmutation                2
   c - Spider Form                    Transmutation/Poison         3
   d - Ice Form                       Ice/Transmutation            4
   e - Blade Hands                    Transmutation                5
Comestibles
 c - 3 meat rations
 n - 4 royal jellies


   Skills:
 - Level 1.0 Fighting
 + Level 6.2 Dodging
 - Level 6.5 Stealth
 + Level 6.5 Unarmed Combat
 - Level 3.1 Spellcasting
 + Level 8.6 Transmutations


You couldn't memorise any spells.
You knew the following spells:

 Your Spells              Type           Power        Failure   Level  Hunger
a - Beastly Appendage     Tmut           ####..       1%          1    #......
b - Sticks to Snakes      Tmut           ####....     1%          2    ##.....
c - Blade Hands           Tmut           ####......   16%         5    ######.
d - Ice Form              Ice/Tmut       ###.....     32%         4    #####..


Dungeon Overview and Level Annotations

Branches:
Dungeon (7/15)             Temple (1/1) D:4

Altars:
Ashenzari
Elyvilon
Kikubaaqudgha
Nemelex Xobeh
Okawaru
Qazlal
Ru
Sif Muna
Uskayaw
Vehumet
Wu Jian
Zin
The Shining One

Annotations:
D:7 Menkaure


Innate Abilities, Weirdness & Mutations

You cannot wear armour.
You are incapable of wielding weapons or throwing items.
Your paws allow you to move quietly. (Stealth)
You have sharp claws.
You have razor-sharp teeth.
You have supernaturally acute eyesight. (SInv)
You are carnivorous and can eat meat at any time.
You cover ground quickly.
You are covered in thick fur. (AC +2)
You have a slow metabolism.
Your sharp claws are effective at attacking unaware monsters.
You are dopey. (Int -2)


Message History

You are too injured to fight recklessly!
You are too injured to fight recklessly!
You are too injured to fight recklessly!
You are too injured to fight recklessly!
You are too injured to fight recklessly!
You are too injured to fight recklessly!
You are too injured to fight recklessly!
You are too injured to fight recklessly!
You are too injured to fight recklessly!
You are too injured to fight recklessly!
You are too injured to fight recklessly!
You are too injured to fight recklessly!
You are too injured to fight recklessly!
You are too injured to fight recklessly!
You are too injured to fight recklessly!
You are too injured to fight recklessly!
You are too injured to fight recklessly!
You are too injured to fight recklessly!
You are too injured to fight recklessly!
Are you sure you want to abandon this character and quit the game? (Confirm with "yes".)

..# ..#
###+###.#
#.......#
#....<..#
#...)...#
#....<..#+#####
#...M.@.......#
#####.........#
#.[.......#
#.........#
#.........#
#.........#
#.........#
#####.........#
##......#


You could see Menkaure.

Vanquished Creatures
  Prince Ribbit (D:7)
  The ghost of Benedikt the Covert, an amateur SpEn (D:5)
  An orc warrior (D:6)
  An ice beast (D:5)
  A sky beast (D:5)
  A centaur (D:6)
  An ogre (D:6)
  A bullfrog (D:5)
  Blork the orc (D:4)
  2 scorpions (D:6)
  2 crimson imps
  2 bullfrog skeletons (D:6)
  4 centaur skeletons (D:4)
  2 orc priests (D:6)
  A hound (D:4)
  An orc wizard (D:6)
  8 worker ants
  A hound skeleton (D:4)
  Robin (D:4)
  A howler monkey skeleton (D:4)
  13 adders
  7 gnolls
  3 worms
  2 dart slugs
  9 leopard geckos
  8 orcs
  A ball python (D:1)
  6 giant cockroaches
  11 goblins
  14 hobgoblins
  6 jackals
  3 quokkas
  7 bats
  5 frilled lizards
  A giant cockroach zombie (D:6)
  4 kobolds
  2 quokka zombies (D:5)
  5 rats
141 creatures vanquished.

Vanquished Creatures (collateral kills)
  Sigmund (D:3)
  An ogre (D:4)
  Jessica (D:3)
  2 orcs (D:4)
  4 goblins
  A hobgoblin (D:4)
10 creatures vanquished.

Grand Total: 151 creatures vanquished

Notes
Turn   | Place    | Note
-------+----------+-------------------------------------------
     0 | D:1      | Kalash the Felid Transmuter began the quest for the Orb.
     0 | D:1      | Reached XP level 1. HP: 9/9 MP: 4/4
   120 | D:1      | Reached skill level 1 in Stealth
   237 | D:1      | Reached XP level 2. HP: 6/12 MP: 6/6
   509 | D:1      | Reached skill level 3 in Transmutations
   784 | D:1      | Learned a level 2 spell: Sticks to Snakes
   958 | D:2      | Reached XP level 3. HP: 13/15 MP: 7/7
  1559 | D:2      | Reached skill level 4 in Transmutations
  1660 | D:2      | Reached XP level 4. HP: 16/19 MP: 6/8
  1705 | D:2      | Found a shattered altar of Ashenzari.
  1940 | D:2      | Found a sacrificial altar of Ru.
  2136 | D:2      | Found a sacrificial altar of Ru.
  2630 | D:3      | Noticed Sigmund
  3834 | D:4      | Reached XP level 5. HP: 14/22 MP: 9/9
  3943 | D:4      | Learned a level 5 spell: Blade Hands
  4060 | D:4      | Noticed Blork the orc
  4065 | D:4      | Killed Blork the orc
  4065 | D:4      | Reached skill level 5 in Transmutations
  4080 | D:4      | Noticed an ogre
  4121 | D:4      | Killed an ogre
  4121 | D:4      | Gained mutation: You are covered in thick fur. (AC +2) [Felid growth]
  4121 | D:4      | Reached XP level 6. HP: 16/25 MP: 4/10
  4998 | D:4      | Found a staircase to the Ecumenical Temple.
  5008 | Temple   | Entered the Ecumenical Temple
  5025 | Temple   | Became a worshipper of Sif Muna the Loreminder
  5187 | D:4      | Reached skill level 5 in Stealth
  5302 | D:5      | Entered Level 5 of the Dungeon
  5337 | D:5      | Noticed Benedikt's ghost (amateur SpEn)
  5856 | D:3      | Noticed Jessica
  5866 | D:3      | Killed Jessica
  5891 | D:3      | Noticed Robin
  6180 | D:4      | Killed Robin
  6710 | D:3      | Reached skill level 6 in Transmutations
  6797 | D:3      | Reached XP level 7. HP: 26/28 MP: 11/11
  7360 | D:3      | Killed Sigmund
  8709 | D:5      | Killed Benedikt's ghost
  8905 | D:5      | Found a sparkling altar of Nemelex Xobeh.
  9192 | D:6      | Reached skill level 7 in Transmutations
  9218 | D:6      | Found a sand-covered staircase.
  9245 | D:6      | Found a radiant altar of Vehumet.
  9337 | D:6      | Reached * piety under Sif Muna
  9481 | D:6      | Reached skill level 5 in Unarmed Combat
  9481 | D:6      | Reached XP level 8. HP: 19/32 MP: 13/13
  9662 | D:6      | Shot with an arrow by a centaur
  9663 | D:6      | Reached XP level 7. HP: -7/28 MP: 12/12
  9678 | D:6      | HP: 1/28 [centaur (5)]
 10510 | D:4      | Gained mutation: You are dopey. (Int -2) [mutagenic glow]
 11118 | D:5      | Reached skill level 5 in Dodging
 11288 | D:5      | Reached XP level 8. HP: 29/32 MP: 13/13
 11386 | D:6      | Reached skill level 8 in Transmutations
 12518 | D:6      | HP: 1/32 [poisoned by a scorpion]
 12684 | D:7      | Noticed Prince Ribbit
 12693 | D:7      | Learned a level 4 spell: Ice Form
 12745 | D:7      | Killed Prince Ribbit
 12745 | D:7      | Reached ** piety under Sif Muna
 12750 | D:7      | Mangled by an ogre
 12751 | D:7      | Reached XP level 7. HP: -8/33 MP: 6/12
 12752 | D:7      | Noticed Menkaure
 12756 | D:7      | Quit the game

Vault maps used:
D:1:      dpeg_arrival_round_b
D:2:      lemuel_round_altar, lemuel_coloured_pillars_altar, first_bread,
          hangedman_ru_absence
D:3:      uniq_sigmund, uniq_robin, uniq_jessica
D:4:      minmay_temple_entry_poolview, uniq_blork_the_orc
D:5:      kennysheep_mini_moat
D:6:      lemuel_crystal_altar, chequers_ossuary_entry_cave,
          gup_sewer_entry_pipe
D:7:      old_standard_altar, uniq_prince_ribbit1, uniq_menkaure, uniq_joseph
Temple:   lightli_temple_of_artemis

Skill      XL: |  1  2  3  4  5  6  7  8 |
---------------+-------------------------+-----
Stealth        | 1 2 3 4 5 6 |  6.5
Transmutations | 3 4 5 6 7 8 |  8.6
Unarmed Combat | 4 5 6 |  6.5
Spellcasting   | 3 |  3.1
Dodging        | 5 6 |  6.2
Fighting       | |  1.0

Action                   |  1- 3 |  4- 6 |  7- 9 || total
-------------------------+-------+-------+-------++-------
Melee: Unarmed           |   103 |   196 |   361 ||   660
       Bite              |     5 |    12 |    33 ||    50
       Headbutt          |     2 |    11 |     8 ||    21
       Punch             |       |     3 |     6 ||     9
 Cast: Beastly Appendage |     4 |    13 |     8 ||    25
       Sticks to Snakes  |       |    18 |    12 ||    30
       Blade Hands       |       |       |     6 ||     6
       Ice Form          |       |       |     1 ||     1
  Use: Potion            |     2 |     3 |     3 ||     8
       Scroll            |       |     4 |     2 ||     6
 Stab: Sleeping          |     6 |     7 |    10 ||    23
       Distracted        |       |     2 |     4 ||     6
  Eat: Chunk             |     5 |    15 |    22 ||    42
Armor: Skin              |     6 |    13 |    17 ||    36
Dodge: Dodged            |    78 |   169 |   270 ||   517
